 Dungeon Crawl Stone Soup version 0.24.0-10-g970556be89 (console) character file.

Game seed: 2617589493623666178, levelgen mode: deterministic

96 AlterAsc the Ducker (level 4, -3/27 HPs)
             Began as a Tengu Gladiator on Nov 3, 2019.
             Killed from afar by Natasha (4 damage)
             ... with a magic dart
             ... on level 2 of the Dungeon.
             The game lasted 00:03:33 (1268 turns).

AlterAsc the Ducker (Tengu Gladiator)               Turns: 1268, Time: 00:03:34

Health: -3/27      AC:  3    Str: 16    XL:     4   Next: 67%
Magic:  5/5        EV: 14    Int:  8    God:
Gold:   89         SH:  0    Dex: 15    Spells: 3/3 levels left

rFire    . . .     SeeInvis .   a - +0 long sword
rCold    . . .     Gourm    .   (no shield)
rNeg     . . .     Faith    .   b - +0 leather armour
rPois    .         Spirit   .   c - +0 hat
rElec    .         Reflect  .   (no cloak)
rCorr    .         Harm     .   (no gloves)
MR       .....                  (boots unavailable)
Stlth    +.........             (no amulet)
HPRegen  0.09/turn              (no ring)
MPRegen  0.09/turn              (no ring)

@: no status effects
A: beak, talons 3
a: no special abilities


You were on level 2 of the Dungeon.
You were not hungry.

You visited 1 branch of the dungeon, and saw 2 of its levels.

You collected 89 gold pieces.

Inventory:

Hand Weapons
 a - a +0 long sword (weapon)
Missiles
 d - 3 throwing nets (quivered)
Armour
 b - a +0 leather armour (worn)
 c - a +0 hat (worn)
 p - a +0 animal skin
Scrolls
 e - 2 scrolls of identify {unknown}
 g - a scroll of amnesia {unknown}
 k - 3 scrolls of teleportation {unknown}
 l - a scroll of blinking {unknown}
 m - a scroll of fear {unknown}
 o - 2 scrolls of enchant weapon {unknown}
Potions
 h - a potion of flight {unknown}
 i - a potion of lignification {unknown}
 n - a potion of ambrosia {unknown}
Comestibles
 f - a ration
 j - a chunk of flesh


   Skills:
 + Level 2.8 Fighting
 + Level 4.0 Long Blades
 - Level 2.1 Throwing
 + Level 1.7 Armour
 + Level 4.1 Dodging


You had 3 spell levels left.
You didn't know any spells.
Your spell library was empty.

Dungeon Overview and Level Annotations

Branches:
Dungeon (2/15)

Altars:
Wu Jian

Annotations:
D:2 Natasha


Innate Abilities, Weirdness & Mutations

You have a beak for a mouth.
You have claws for feet.


Message History

The phantom blinks!
The phantom hits you but does no damage.
The phantom blinks!
Natasha casts a spell.
The crimson imp blinks!
The crimson imp blinks!
The phantom blinks!
Natasha extends her claws.
The shadow imp gestures at you. Pain shoots through your body!
The shadow imp disappears in a puff of smoke!
The phantom blinks!
There is an open door here.
Natasha mumbles some strange words.
You see here a short sword.
Natasha casts a spell at you. The magic dart hits you!
* * * LOW HITPOINT WARNING * * *
Natasha casts a spell at you. The magic dart hits you.
You die...

#.# #.# #.# #.#
#.# #)## #.# #h.#
.# #.# ##.## #(#
..# #####..# #.#
## ### #......#
#.# ...#
#......###.# ...#
#......@...# ...#
#..........##...#
######..........#
#..##......#
##.##......#
#.##......#
#..#.######
##.#รท# #...#


You could see Natasha.

Vanquished Creatures
  Robin (D:2)
  2 adders (D:2)
  A worm (D:2)
  2 dart slugs (D:1)
  8 bats
  A giant cockroach (D:1)
  15 goblins
  9 hobgoblins
  6 kobolds (D:1)
  A frilled lizard (D:1)
  7 rats
53 creatures vanquished.

Notes
Turn   | Place    | Note
-------+----------+-------------------------------------------
     0 | D:1      | AlterAsc the Tengu Gladiator began the quest for the Orb.
     0 | D:1      | Reached XP level 1. HP: 12/12 MP: 2/2
    75 | D:1      | Reached XP level 2. HP: 17/17 MP: 3/3
   315 | D:1      | Reached XP level 3. HP: 20/22 MP: 4/4
   402 | D:1      | Reached skill level 1 in Armour
   679 | D:2      | Reached XP level 4. HP: 19/27 MP: 5/5
   811 | D:2      | Found an ornate altar of the Wu Jian Council.
   909 | D:2      | Noticed Robin
   932 | D:2      | Killed Robin
  1206 | D:2      | Noticed a phantom
  1207 | D:2      | Noticed Natasha
  1267 | D:2      | HP: 1/27 [Natasha/magic dart (9)]
  1268 | D:2      | Killed from afar by Natasha

Levels and vault maps discovered:
D:1:      psy_arrival_whirlpool, layout_rooms
D:2:      layout_basic, grunt_temple_overflow_opulence, marbit_many_paths,
          uniq_robin, uniq_natasha

Skill      XL: |  1  2  3  4 |
---------------+-------------+-----
Armour         | 1 |  1.7
Dodging        | 4 |  4.1
Long Blades    | 4 |  4.0
Fighting       | |  2.8
Throwing       | |  2.1

Action                   |  1- 3 |  4- 6 || total
-------------------------+-------+-------++-------
Melee: Long sword        |    55 |    36 ||    91
       Kick              |    20 |     9 ||    29
       Peck              |     7 |    10 ||    17
  Eat: Chunk             |       |     1 ||     1
Armor: Leather armour    |    15 |    11 ||    26
Dodge: Dodged            |    32 |    18 ||    50
       Rpst.: Long sword |    10 |     5 ||    15
